 Dungeon Crawl Stone Soup version 0.29.0-4-gdea44cf6ec (webtiles) character file.

Game seed: 2769830303294131686

2736 qw the Cleaver (level 9, 0/50 (55) HPs)
             Began as a Tengu Warper on Aug 28, 2022.
             Was a Follower of Okawaru.
             Slain by a wight
             ... wielding a +0 halberd
              (9 damage)
             ... on level 6 of the Dungeon.
             The game lasted 00:00:42 (6591 turns).

qw the Cleaver (Tengu Warper)                       Turns: 6591, Time: 00:00:42

HP:   0/50 (55)     AC: 17    Str: 16    XL:     9   Next: 67%
MP:   11/13         EV: 14    Int: 13    God:    Okawaru [*.....]
Gold: 234           SH:  0    Dex: 20    Spells: 12/12 levels left

rFire   . . .      SeeInvis +   Y - +0 hand axe
rCold   . . .      Faith    .   (no shield)
rNeg    . . .      Spirit   .   k - +0 chain mail
rPois   +          Reflect  .   (helmet restricted)
rElec   +          Harm     .   d - +2 cloak
rCorr   .          Rampage  .   v - +1 pair of gloves "Iradanal" {rElec rPois}
Will    .....                   (boots unavailable)
Stlth   ..........              (no amulet)
HPRegen 0.16/turn               f - ring of see invisible
MPRegen 0.13/turn               u - +6 ring of dexterity

@: heroic, flying quickly and evasively, drained, quick
A: beak, talons 3, nimble flight
a: Renounce Religion, Heroism


You were on level 6 of the Dungeon.
You worshipped Okawaru.
Okawaru was aware of your devotion.
You visited 2 branches of the dungeon, and saw 7 of its levels.

You collected 234 gold pieces.


Innate Abilities, Weirdness & Mutations

You have a beak for a mouth.
You have claws for feet.
Your magical nature lets you fly swiftly and evasively.


   Skills:
 - Level 5.7(10.7) Fighting
 + Level 10.6(15.6) Axes
 - Level 3.0(8.0) Throwing
 - Level 4.1(9.1) Armour
 - Level 5.2(10.2) Dodging
 - Level 2.0 Spellcasting
 - Level 2.4 Translocations
 + Level 1.5 Invocations


You had 12 spell levels left.
You didn't know any spells.
Your spell library contained the following spells:

 Spells                   Type           Power      Damage    Failure   Level
 Blink                    Tloc           14%        N/A       86%         2
 Gell's Gravitas          Tloc           7%         N/A       97%         3
 Lesser Beckoning         Tloc           7%         N/A       97%         3
 Teleport Other           Tloc           7%         N/A       97%         3
 Manifold Assault         Tloc           7%         N/A       100%        5

Inventory:

Hand Weapons
 r - a +0 flail
 Y - a +0 hand axe (weapon)
Missiles
 j - 4 boomerangs (quivered)
Armour
 d - a +2 cloak (worn)
 k - a +0 chain mail (worn)
 v - the +1 pair of gloves "Iradanal" (worn) {rElec rPois}
   (You acquired it on level 5 of the Dungeon)

   rElec:     It insulates you from electricity.
   rPois:     It protects you from poison.
Jewellery
 a - an amulet of reflection
 f - a ring of see invisible (left hand)
 h - the ring of Eternal Night {rC- rCorr Str+4 Int+3 Dex+2}
   (You acquired it on level 1 of the Dungeon)

   [ring of resist corrosion]

   Str:       It affects your strength (+4).
   Int:       It affects your intelligence (+3).
   Dex:       It affects your dexterity (+2).
   rC:        It makes you vulnerable to cold.
   rCorr:     It protects you from acid and corrosion.
 s - a ring of fire
 u - a +6 ring of dexterity (right hand)
Scrolls
 g - a scroll of identify
 m - a scroll of teleportation
Potions
 b - a potion of heal wounds
 c - a potion of might
 l - a potion of mutation
 n - a potion of invisibility {unknown}
 q - a potion of attraction {unknown}
 t - a potion of brilliance {unknown}

Dungeon Overview and Level Annotations

Branches:
Dungeon (6/15)             Temple (1/1) D:5

Altars:
Ashenzari
Cheibriados
Dithmenos
Fedhas
Gozag
Makhleb
Nemelex Xobeh
Okawaru
Qazlal
Ru
Sif Muna
Vehumet
Wu Jian
Xom
Yredelemnul
Zin
The Shining One


Message History

The wight hits you but does no damage. x3
You hit the wight but do no damage. You claw the wight, but do no damage.
You peck the wight, but do no damage.
The wight is moderately damaged.
The wight hits you from afar with a +0 halberd.
The wight misses you.
The wight hits you with a +5 long sword!
You feel drained.
6582 ||| INVOKING Heroism.
You gain the combat prowess of a mighty hero.
The wight closely misses you.
The wight hits you with a +5 long sword!
You feel drained. The wight barely misses you.
You closely miss the wight. You claw the wight, but do no damage.
The wight is moderately damaged.
You closely miss the wight. You claw the wight, but do no damage.
You peck the wight, but do no damage.
The wight is moderately damaged.
The wight closely misses you. The wight misses you.
The wight hits you but does no damage.
You hit the wight but do no damage. Your kick misses the wight.
Your punch misses the wight.
The wight is moderately damaged.
You hit the wight. Your kick misses the wight.
The wight is heavily damaged.
The wight hits you but does no damage. x2; The wight misses you.
You completely miss the wight. You claw the wight, but do no damage.
The wight is heavily damaged.
The wight closely misses you. x2
The wight hits you with a +5 long sword!
You hit the wight but do no damage. Your kick misses the wight.
The wight is heavily damaged.
You hit the wight but do no damage. You claw the wight, but do no damage.
The wight is heavily damaged.
The wight hits you but does no damage. The wight barely misses you. x2
You slash the wight!
You destroy the wight!
Okawaru accepts your kill. The wight hits you with a +0 trident.
The wight hits you with a +0 halberd!
You die...

##### ###...### ##
#######.......##.#
##..##.......>....#
#...#.........#..#
##..............!#
...###......##.))#
.### ###..######@#
## #### #zz...... #
#........ ##
......... .###
......... ...##
.......(.. ....##
.......... .....##
#.......... ......#


You could see 2 wights.

Vanquished Creatures
  Pikel (D:4)
  Grinder (D:4)
  A wyvern (D:6)
  3 yaks (D:5)
  Menkaure (D:4)
  Duvessa (D:5)
  A water moccasin (D:5)
  An ogre (D:6)
  A necrophage (D:5)
  2 scorpions
  2 wights (D:6)
  Dowan (D:5)
  A howler monkey (D:6)
  A gnoll bouda (D:6)
  4 orc priests
  2 jellies (D:5)
  3 hounds
  Ijyb (D:4)
  2 iguanas
  4 orc wizards
  7 gnolls
  5 adders
  A shadow imp (D:6)
  2 white imps (D:5)
  An ufetubus (D:5)
  2 worms
  4 dart slugs
  19 orcs
  6 bats
  5 endoplasms
  7 giant cockroaches
  6 goblins
  6 hobgoblins
  8 kobolds
  6 ball pythons
  2 frilled lizards (D:1)
  7 rats
128 creatures vanquished.

Notes
Turn   | Place    | Note
-------+----------+-------------------------------------------
     0 | D:1      | qw the Tengu Warper began the quest for the Orb.
     0 | D:1      | Reached XP level 1. HP: 12/12 MP: 4/4
     0 | D:1      | 0 ||| qw: Version: 0.1-a-89-g26bdef1
     0 | D:1      | 0 ||| qw: Game counter: 2380
     0 | D:1      | 0 ||| qw: Always use a shield: true
     0 | D:1      | 0 ||| qw: God list: Okawaru
     0 | D:1      | 0 ||| qw: Allow faded altars: false
     0 | D:1      | 0 ||| qw: Do Orc after D:15 true
     0 | D:1      | 0 ||| qw: Do second Lair branch before Depths: true
     0 | D:1      | 0 ||| qw: Lair rune preference: random
     0 | D:1      | 0 ||| qw: Plans: Normal
     0 | D:1      | 0 ||| PLANNING D:1-11
    30 | D:1      | 30 ||| Stepping ~*~*~tactically~*~*~ (stealth).
    45 | D:1      | Reached XP level 2. HP: 14/17 MP: 6/6
   132 | D:1      | Reached skill level 3 in Axes
   625 | D:1      | Reached XP level 3. HP: 21/21 MP: 7/7
   756 | D:1      | 756 ||| Stepping ~*~*~tactically~*~*~ (stealth).
   829 | D:1      | Reached skill level 4 in Axes
   962 | D:1      | 962 ||| UPGRADING to +1 cloak.
   967 | D:1      | 967 ||| UPGRADING to ring of see invisible.
   968 | D:1      | 968 ||| READING scroll labelled VEUDEX SERIA.
   969 | D:1      | 969 ||| READING scroll labelled SAALID NUNYK.
   969 | D:1      | Identified a scroll of acquirement
   969 | D:1      | 969 ||| ACQUIRING ring of Eternal Night {rC- rCorr Str+4
                  | Int+3 Dex+2}
   969 | D:1      | Acquired the ring of Eternal Night {rC- rCorr Str+4 Int+3
                  | Dex+2}
   971 | D:1      | 971 ||| UPGRADING to ring of Eternal Night {rC- rCorr Str+4
                  | Int+3 Dex+2}.
   972 | D:1      | 972 ||| READING scroll labelled LESUAKLAHIQ.
   973 | D:1      | 973 ||| DRINKING 2 fuming coppery potions.
  1013 | D:1      | 1013 ||| DROPPING scroll of blinking.
  1014 | D:1      | 1014 ||| DROPPING potion of lignification.
  1148 | D:2      | Identified the +0 leather armour of Yphesor {Harm rC+}
  1225 | D:2      | 1225 ||| Stepping ~*~*~tactically~*~*~ (stealth).
  1227 | D:2      | 1227 ||| Stepping ~*~*~tactically~*~*~ (stealth).
  1229 | D:2      | 1229 ||| Stepping ~*~*~tactically~*~*~ (stealth).
  1273 | D:2      | 1273 ||| READING scroll of enchant armour.
  1273 | D:2      | 1273 ||| ENCHANTING +1 cloak.
  1279 | D:2      | Found a faded altar of an unknown god.
  1537 | D:2      | 1537 ||| Stepping ~*~*~tactically~*~*~ (hiding).
  1539 | D:2      | 1539 ||| Stepping ~*~*~tactically~*~*~ (hiding).
  1652 | D:2      | 1652 ||| Stepping ~*~*~tactically~*~*~ (hiding).
  1754 | D:2      | 1754 ||| Stepping ~*~*~tactically~*~*~ (hiding).
  1757 | D:2      | 1757 ||| Stepping ~*~*~tactically~*~*~ (hiding).
  1769 | D:2      | 1769 ||| Stepping ~*~*~tactically~*~*~ (stealth).
  1910 | D:2      | 1910 ||| DROPPING +0 leather armour of Yphesor {Harm rC+}.
  1911 | D:2      | 1911 ||| UPGRADING to +0 ring mail.
  1921 | D:2      | 1921 ||| DROPPING +0 leather armour.
  1922 | D:2      | 1922 ||| UPGRADING to amulet of guardian spirit.
  1927 | D:2      | 1927 ||| READING scroll labelled UWNA SUNOE.
  1928 | D:2      | 1928 ||| READING scroll labelled BIN VOEVAAMNU.
  1929 | D:2      | 1929 ||| DRINKING 2 fuming purple potions.
  1930 | D:2      | 1930 ||| DRINKING 2 glowing yellow potions.
  1931 | D:2      | 1931 ||| DRINKING 2 bubbling cyan potions.
  1973 | D:3      | Reached XP level 4. HP: 26/26 MP: 8/8
  2331 | D:3      | Identified the +3 leather armour of a treasure trove
                  | {rPois}
  2405 | D:3      | 2405 ||| DRINKING potion of curing.
  2405 | D:3      | 2405 ||| (to cure confusion)
  2407 | D:3      | Reached skill level 5 in Axes
  2525 | D:3      | 2525 ||| Stepping ~*~*~tactically~*~*~ (stealth).
  2540 | D:3      | 2540 ||| DROPPING +0 mace.
  2658 | D:3      | Gained mutation: Your magical nature lets you fly swiftly
                  | and evasively. [Tengu growth]
  2658 | D:3      | Reached XP level 5. HP: 30/30 MP: 9/9
  2663 | D:3      | Found a sacrificial altar of Ru.
  2871 | D:3      | 2871 ||| UPGRADING to +3 leather armour of a treasure trove
                  | {rPois}.
  2881 | D:3      | 2881 ||| READING scroll labelled ESOUTE SIBBAEL.
  2882 | D:3      | 2882 ||| DRINKING 2 emerald potions.
  2883 | D:3      | 2883 ||| DROPPING potion of magic.
  2948 | D:4      | 2948 ||| Stepping ~*~*~tactically~*~*~ (hiding).
  3231 | D:4      | Found a blossoming altar of Fedhas.
  3259 | D:4      | Reached skill level 6 in Axes
  3460 | D:4      | Noticed Ijyb
  3471 | D:4      | Killed Ijyb
  3497 | D:4      | Found a radiant altar of Vehumet.
  3502 | D:4      | 3502 ||| Stepping ~*~*~tactically~*~*~ (hiding).
  3502 | D:4      | Noticed Menkaure
  3503 | D:4      | 3503 ||| Stepping ~*~*~tactically~*~*~ (stealth).
  3605 | D:4      | 3605 ||| Stepping ~*~*~tactically~*~*~ (stealth).
  3607 | D:4      | 3607 ||| Stepping ~*~*~tactically~*~*~ (hiding).
  3608 | D:4      | 3608 ||| Stepping ~*~*~tactically~*~*~ (hiding).
  3618 | D:4      | HP: 3/30 [Menkaure/nerve-wracking pain (8)]
  3619 | D:4      | 3619 ||| DRINKING 3 potions of heal wounds.
  3621 | D:4      | Killed Menkaure
  3622 | D:4      | Reached XP level 6. HP: 23/35 MP: 1/10
  3782 | D:4      | Noticed Grinder
  3782 | D:4      | Paralysed by Grinder for 3 turns
  3793 | D:4      | Killed Grinder
  3794 | D:4      | Reached skill level 7 in Axes
  3794 | D:4      | Reached XP level 7. HP: 19/40 MP: 6/11
  3957 | D:4      | Found an opulent altar of Gozag.
  4041 | D:4      | Noticed Pikel
  4049 | D:4      | 4049 ||| Stepping ~*~*~tactically~*~*~ (stealth).
  4061 | D:4      | Killed Pikel
  4062 | D:4      | Reached XP level 8. HP: 23/51 MP: 4/12
  4280 | D:4      | 4280 ||| Stepping ~*~*~tactically~*~*~ (hiding).
  4382 | D:4      | 4382 ||| Stepping ~*~*~tactically~*~*~ (hiding).
  4456 | D:4      | 4456 ||| Stepping ~*~*~tactically~*~*~ (hiding).
  4475 | D:4      | 4475 ||| FLEEEEING.
  4476 | D:4      | 4476 ||| FLEEEEING.
  4477 | D:4      | 4477 ||| FLEEEEING.
  4478 | D:4      | 4478 ||| FLEEEEING.
  4479 | D:4      | 4479 ||| FLEEEEING.
  4480 | D:4      | 4480 ||| FLEEEEING.
  4481 | D:4      | 4481 ||| FLEEEEING.
  4482 | D:4      | 4482 ||| FLEEEEING.
  4483 | D:4      | 4483 ||| FLEEEEING.
  4484 | D:4      | 4484 ||| FLEEEEING.
  4485 | D:4      | 4485 ||| FLEEEEING.
  4486 | D:4      | 4486 ||| FLEEEEING.
  4487 | D:4      | 4487 ||| FLEEEEING.
  4488 | D:4      | 4488 ||| FLEEEEING.
  4489 | D:4      | 4489 ||| FLEEEEING.
  4490 | D:4      | 4490 ||| FLEEEEING.
  4491 | D:4      | 4491 ||| FLEEEEING.
  4492 | D:4      | 4492 ||| FLEEEEING.
  4493 | D:4      | 4493 ||| FLEEEEING.
  4494 | D:4      | 4494 ||| FLEEEEING.
  4495 | D:4      | 4495 ||| FLEEEEING.
  4496 | D:4      | 4496 ||| FLEEEEING.
  4499 | D:4      | 4499 ||| FLEEEEING.
  4500 | D:4      | 4500 ||| FLEEEEING.
  4501 | D:4      | 4501 ||| FLEEEEING.
  4502 | D:4      | 4502 ||| FLEEEEING.
  4503 | D:4      | 4503 ||| FLEEEEING.
  4508 | D:4      | 4508 ||| FLEEEEING.
  4512 | D:4      | 4512 ||| STAIRDANCE
  4559 | D:3      | 4559 ||| READING scroll labelled UBIN YCROC.
  4560 | D:3      | 4560 ||| READING scroll labelled QYFIUS YPLO.
  4564 | D:3      | 4564 ||| READING 3 scrolls of identify.
  4564 | D:3      | 4564 ||| IDENTIFYING amethyst potion
  4565 | D:3      | 4565 ||| READING 2 scrolls of identify.
  4565 | D:3      | 4565 ||| IDENTIFYING fuming sapphire potion
  4566 | D:3      | 4566 ||| DROPPING potion of berserk rage.
  4704 | D:5      | Entered Level 5 of the Dungeon
  4735 | D:5      | Noticed a yak
  4735 | D:5      | Noticed a yak
  4737 | D:5      | Noticed a yak
  4739 | D:5      | Killed a yak
  4740 | D:5      | Reached skill level 8 in Axes
  4745 | D:5      | Killed a yak
  4746 | D:5      | Reached skill level 9 in Axes
  4751 | D:5      | Killed a yak
  4967 | D:5      | 4967 ||| Stepping ~*~*~tactically~*~*~ (hiding).
  4969 | D:5      | 4969 ||| Stepping ~*~*~tactically~*~*~ (hiding).
  4970 | D:5      | 4970 ||| Stepping ~*~*~tactically~*~*~ (hiding).
  4985 | D:5      | 4985 ||| Stepping ~*~*~tactically~*~*~ (stealth).
  4990 | D:5      | Noticed Dowan
  4991 | D:5      | Found a staircase to the Ecumenical Temple.
  4992 | D:5      | 4992 ||| PLANNING TEMPLE
  4998 | D:5      | Noticed Duvessa
  5007 | D:5      | Killed Dowan
  5008 | D:5      | Reached XP level 9. HP: 29/55 MP: 6/13
  5011 | D:5      | HP: 11/55 [Duvessa/+0 short sword (9)]
  5012 | D:5      | 5012 ||| DRINKING 2 potions of heal wounds.
  5019 | D:5      | HP: 9/55 [Duvessa/+0 short sword (10)]
  5020 | D:5      | 5020 ||| DRINKING potion of heal wounds.
  5023 | D:5      | Killed Duvessa
  5024 | D:5      | Reached skill level 10 in Axes
  5263 | Temple   | Entered the Ecumenical Temple
  5378 | Temple   | Became a worshipper of Warmaster Okawaru
  5379 | Temple   | 5379 ||| REMOVING amulet of guardian spirit.
  5435 | Temple   | 5435 ||| PLANNING D:1-11
  5435 | Temple   | 5435 ||| DROPPING amulet of guardian spirit.
  5491 | D:5      | Found a snail-covered altar of Cheibriados.
  5768 | D:5      | 5768 ||| READING scroll of acquirement.
  5768 | D:5      | 5768 ||| ACQUIRING +1 pair of gloves "Iradanal" {rElec
                  | rPois}
  5768 | D:5      | Acquired the +1 pair of gloves "Iradanal" {rElec rPois}
  5770 | D:5      | 5770 ||| DROPPING +0 ring mail.
  5803 | D:5      | Reached skill level 3 in Throwing
  5923 | D:5      | 5923 ||| Stepping ~*~*~tactically~*~*~ (hiding).
  6097 | D:5      | 6097 ||| UPGRADING to +0 chain mail.
  6107 | D:5      | 6107 ||| DROPPING +3 leather armour of a treasure trove
                  | {rPois}.
  6108 | D:5      | 6108 ||| UPGRADING to +1 pair of gloves "Iradanal" {rElec
                  | rPois}.
  6113 | D:5      | 6113 ||| DROPPING +6 ring of intelligence.
  6114 | D:5      | 6114 ||| UPGRADING to +6 ring of dexterity.
  6116 | D:5      | 6116 ||| READING scroll labelled SOLISU UMIUL.
  6117 | D:5      | 6117 ||| DRINKING 2 inky potions.
  6118 | D:5      | 6118 ||| READING 2 scrolls of identify.
  6118 | D:5      | 6118 ||| IDENTIFYING orange potion
  6119 | D:5      | 6119 ||| DROPPING potion of degeneration.
  6120 | D:5      | 6120 ||| DROPPING potion of flight.
  6163 | D:6      | 6163 ||| STAIRDANCE
  6241 | D:6      | 6241 ||| Stepping ~*~*~tactically~*~*~ (hiding).
  6285 | D:6      | Reached skill level 3 in Armour
  6426 | D:6      | Reached * piety under Okawaru
  6526 | D:6      | Reached skill level 1 in Invocations
  6571 | D:6      | 6571 ||| Stepping ~*~*~tactically~*~*~ (hiding).
  6582 | D:6      | 6582 ||| INVOKING Heroism.
  6591 | D:6      | HP: 9/50 [wight/+0 trident (6)]
  6591 | D:6      | Slain by a wight

Levels and vault maps discovered:
D:1:      nzn_arrival_crosshair, layout_loops_ring
D:2:      layout_loops_ring, hellmonk_ecumenical_altar_lost_god
D:3:      layout_loops_corners, lemuel_doored_altar
D:4:      layout_loops_ring, vehumet_altar_wand_db, grunt_gozag_statues,
          fedhas_altar_1, uniq_menkaure, uniq_pikel, uniq_ijyb, uniq_grinder
D:5:      layout_gridville, kennysheep_slug_shrine, minmay_temple_entry_glass,
          uniq_duvessa
D:6:      layout_cave_pods, eat_drink_and_be_merry_uskayaw, nrook_campfire
Temple:   nicolae_temple_slightly_damp_pantheon

Skill      XL: |  1  2  3  4  5  6  7  8  9 |
---------------+----------------------------+-----
Axes           | 3 4 5 6 7 9 10 | 10.6
Dodging        | 4 5 |  5.2
Fighting       | 5 |  5.7
Throwing       | 2 3 |  3.0
Armour         | 4 |  4.1
Invocations    | 1 |  1.5
Spellcasting   | |  2.0
Translocations | |  2.4

Action                   |  1- 3 |  4- 6 |  7- 9 || total
-------------------------+-------+-------+-------++-------
Melee: Hand axe          |    78 |    79 |   195 ||   352
       Kick              |    15 |    22 |    84 ||   121
       Peck              |    10 |    10 |    37 ||    57
       Punch             |     1 |     1 |     3 ||     5
Throw: Boomerang         |     7 |       |    10 ||    17
       Javelin           |     1 |    19 |    36 ||    56
Invok: Heroism           |       |       |     1 ||     1
  Use: Scroll            |     6 |     1 |     7 ||    14
       Potion            |     4 |     3 |     3 ||    10
Armor: Leather armour    |    15 |     9 |    22 ||    46
       Ring mail         |       |    11 |       ||    11
       Chain mail        |       |       |    24 ||    24
Dodge: Dodged            |    46 |    45 |    98 ||   189

Table legend:
 A = Non-vault XP
 B = Vault XP
 C = Vault XP percentage of total XP
 D = Non-vault monster count
 E = Vault monster count
 F = Vault count percentage of total count
                 A         B        C        D         E       F
            +---------+---------+-------+---------+---------+-------
      Total |    2549 |    1360 |  34.8 |     120 |       8 |   6.2
            +---------+---------+-------+---------+---------+-------
        D:1 |      45 |       0 |   0.0 |      26 |       0 |   0.0
        D:2 |      22 |       0 |   0.0 |      12 |       0 |   0.0
        D:3 |     103 |       0 |   0.0 |      25 |       0 |   0.0
        D:4 |     253 |    1135 |  81.8 |      14 |       5 |  26.3
        D:5 |    1346 |     225 |  14.3 |      28 |       3 |   9.7
        D:6 |     780 |       0 |   0.0 |      15 |       0 |   0.0
            +---------+---------+-------+---------+---------+-------
